 Dungeon Crawl Stone Soup version 0.30-a0-900-g23479c02f2 (webtiles) character file.

Game seed: 7495026456307837094

44 porpoise the Sneak (level 3, -8/25 HPs)
             Began as a Gnoll Enchanter on Mar 19, 2023.
             Killed from afar by Sigmund (9 damage)
             ... with a magic dart
             ... on level 2 of the Dungeon.
             The game lasted 00:04:53 (1067 turns).

porpoise the Sneak (Gnoll Enchanter)                Turns: 1067, Time: 00:04:53

Health: -8/25      AC:  3    Str:  5 (7)  XL:     3   Next: 62%
Magic:  9/9        EV: 13    Int: 15 (16) God:
Gold:   43         SH:  0    Dex: 11 (12) Spells: 10/12 levels left

rFire   . . .      SeeInvis .    a - +1 dagger
rCold   . . .      Faith    .    (no shield)
rNeg    . . .      Spirit   .    b - +0 robe
rPois   .          Reflect  .    i - +0 helmet
rElec   .          Rampage  .    (no cloak)
rCorr   .                        (no gloves)
Will    .....                    (no boots)
Stlth   +                        (no amulet)
HPRegen 0.24/turn                (no ring)
MPRegen 0.11/turn                (no ring)

@: confused
A: fangs 1, strong nose, distributed training
a: no special abilities


You were on level 2 of the Dungeon.
You visited 1 branch of the dungeon, and saw 2 of its levels.

You collected 43 gold pieces.

Inventory:

Hand Weapons
 a - a +1 dagger (weapon)
Missiles
 g - 6 poisoned darts (quivered)
Armour
 b - a +0 robe (worn)
 i - a +0 helmet (worn)
Scrolls
 d - a scroll of identify {unknown}
 e - 2 scrolls of fear {unknown}
 h - a scroll of enchant weapon {unknown}
Potions
 c - 2 potions of invisibility


   Skills:
 + Level 0.9 Fighting
 + Level 2.6 Short Blades
 + Level 0.9 Long Blades
 + Level 0.9 Axes
 + Level 0.9 Maces & Flails
 + Level 0.9 Polearms
 + Level 0.9 Staves
 + Level 0.9 Ranged Weapons
 + Level 0.9 Throwing
 + Level 0.9 Armour
 + Level 4.5 Dodging
 + Level 6.0 Stealth
 + Level 0.9 Shields
 + Level 0.9 Unarmed Combat
 + Level 5.0 Spellcasting
 + Level 0.6 Conjurations
 + Level 5.4 Hexes
 + Level 0.6 Summonings
 + Level 0.6 Necromancy
 + Level 0.6 Translocations
 + Level 0.6 Transmutations
 + Level 0.6 Fire Magic
 + Level 0.6 Ice Magic
 + Level 0.6 Air Magic
 + Level 0.6 Earth Magic
 + Level 0.6 Poison Magic
 + Level 1.0 Invocations
 + Level 0.9 Evocations


You had 10 spell levels left.
You knew the following spells:

 Your Spells              Type           Power      Damage    Failure   Level
e - Ensorcelled Hibernat  Hex/Ice        24%        N/A       7%          2

Your spell library contained the following spells:

 Spells                   Type           Power      Damage    Failure   Level
 Confusing Touch          Hex            20%        N/A       5%          3
 Tukima's Dance           Hex            20%        N/A       5%          3
 Dazzling Flash           Conj/Hex       24%        N/A       14%         3


Dungeon Overview and Level Annotations

Branches:
Dungeon (1/15)

Altars:

Annotations:
D:2 Sigmund


Innate Abilities, Weirdness & Mutations

You have very sharp teeth.
Your uncanny sense of smell can sniff out nearby items.
Your experience applies equally to all skills.


Message History

i - a +0 helmet You start putting on your armour.
You continue putting on your +0 helmet. x4
You finish putting on your +0 helmet.
g - 3 poisoned darts (gained 1)
Found a dagger.
g - 4 poisoned darts (gained 1)
g - 5 poisoned darts (gained 1)
g - 6 poisoned darts (gained 1)
Found a robe.
Sigmund the Dreaded comes into view.
He is wielding a +0 scythe.
An endoplasm comes into view.
The endoplasm quivers.
Sigmund shouts!
You hear an angry hiss.
The endoplasm jiggles.
Sigmund gestures at you while chanting.
You are confused.
You see here a +0 dagger.
Sigmund gestures at you while chanting.
You are more confused.
An adder comes into view.
Sigmund hits you with a +0 scythe!
Sigmund whispers, "You'll know eternity soon."
Sigmund hits you from afar with a +0 scythe.
The adder attacks as you move away! The adder closely misses you.
Sigmund barely misses you.
The endoplasm hits you but does no damage.
The adder barely misses you. The endoplasm freezes you.
You are frozen.
The adder bites you but does no damage.
It was a potion of degeneration.
There was something very wrong with that liquid.
You feel weakened.
You feel dopey.
You feel clumsy. The endoplasm freezes you.
You are frozen.
* * * LOW HITPOINT WARNING * * *
The adder bites you.
* * * LOW HITPOINT WARNING * * *
Sigmund casts a spell at you. The magic dart hits you!
You die...

#............†###.#....#####
##########....# #.)........#
. ...... #....###.#).......#
. ...... ####.....#........#
. .....#####....##.......##
. #..........####.......# .
#.........###.........# .
#.............).......# .
#....)....@.@.........# .
#..........JS........... .
#........#.......######## .
#........#.......# #
#........#.......#
..........#.......#
#.##........###....# ..
#........# #....#
..........# .....


You could see Sigmund, an adder and an endoplasm.

Vanquished Creatures
  Robin (D:2)
  3 ball pythons (D:1)
  3 endoplasms
  6 goblins
  8 hobgoblins
  A quokka (D:1)
  2 bats (D:1)
  A frilled lizard (D:1)
  4 rats
29 creatures vanquished.

Notes
Turn   | Place    | Note
-------+----------+-------------------------------------------
     0 | D:1      | porpoise the Gnoll Enchanter began the quest for the Orb.
     0 | D:1      | Reached XP level 1. HP: 13/13 MP: 6/6
   210 | D:1      | Reached XP level 2. HP: 13/19 MP: 7/7
   421 | D:1      | HP: 1/20 [rat (2)]
   545 | D:1      | You fall into a shaft and drop 1 floor!
   589 | D:2      | Learned a level 2 spell: Ensorcelled Hibernation
   796 | D:2      | Reached skill level 5 in Spellcasting
   796 | D:2      | Reached XP level 3. HP: 25/25 MP: 5/9
   887 | D:2      | Reached skill level 6 in Stealth
   953 | D:2      | Reached skill level 1 in Invocations
   960 | D:2      | Noticed Robin
  1014 | D:2      | Killed Robin
  1049 | D:2      | Noticed Sigmund
  1067 | D:2      | HP: 1/25 [adder (4)]
  1067 | D:2      | Killed from afar by Sigmund

Illustrated notes

Levels and vault maps discovered:
D:1:      nicolae_arrival_washed_ashore, layout_rooms
D:2:      layout_basic, basic_altar, minmay_misc_feat_cross,
          kennysheep_small_spiral, cheibrodos_gnoll_hut, uniq_sigmund,
          uniq_robin

Skill      XL: |  1  2  3 |
---------------+----------+-----
Spellcasting   | 5 |  5.0
Stealth        | 6 |  6.0
Invocations    | 1 |  1.0
Fighting       | |  0.9
Short Blades   | |  2.6
Long Blades    | |  0.9
Axes           | |  0.9
Maces & Flails | |  0.9
Polearms       | |  0.9
Staves         | |  0.9
Ranged Weapons | |  0.9
Throwing       | |  0.9
Armour         | |  0.9
Dodging        | |  4.5
Shields        | |  0.9
Unarmed Combat | |  0.9
Conjurations   | |  0.6
Hexes          | |  5.4
Summonings     | |  0.6
Necromancy     | |  0.6
Translocations | |  0.6
Transmutations | |  0.6
Fire Magic     | |  0.6
Ice Magic      | |  0.6
Air Magic      | |  0.6
Earth Magic    | |  0.6
Poison Magic   | |  0.6
Evocations     | |  0.9

Action                     || total
---------------------------++-------
  Melee: Dagger            ||   104
         Bite              ||     7
         Punch             ||     1
  Throw: Dart              ||     4
   Cast: Ensorcelled Hiber ||    12
    Use: Potion            ||     1
   Stab: Sleeping          ||     7
 Armour: Robe              ||    13
  Dodge: Dodged            ||    60

Table legend: (Time is in decaauts)
 A = Elapsed time spent in this place.
 B = Non-inter-level travel time spent in this place.
 C = Inter-level travel time spent in this place.
 D = Time resting spent in this place.
 E = Time spent auto-exploring this place.
 F = Levels seen in this place.
 G = Mean time per level.
                   A        B        C        D        E       F      G
               +--------+--------+--------+--------+--------+-----+--------+
         Total |   1063 |   1063 |      0 |    482 |    196 |   2 |  531.5 |
       Dungeon |   1063 |   1063 |      0 |    482 |    196 |   2 |  531.5 |
               +--------+--------+--------+--------+--------+-----+--------+

Top non-repeatable levels by time:
     D:1: 545 daAuts
     D:2: 517 daAuts
